AoeStats
← ogipochi_

Arena

509641660Analyzed
3v3 RM · 5d ago on Sep 27, 2026· 47m 47s· 6 players
Game mode
Random Map
Map size
Normal (6 player)
Population
200
Speed
Normal
Resources
Standard
Victory
Conquest
Starting age
Dark Age
Ending age
Imperial Age
RankedLock teamsTeams togetherTeam positionsShared explorationLock speedFull tech treeHidden civsTurbo modeCheats
Victory
Defeat
🇯🇵 Saxons · Japan
788
+11
🇮🇩 Magyars · Indonesia
705
+14
🇨🇳 Persians · China
681
+15
🇪🇸 Huns · Spain
696
-15
🇧🇷 Britons · Brazil
672
-14
🇵🇪 Danes · Peru
606
-11
ogipochi_
2:06 Loom
11:17 Feudal Age
11:53 Double-Bit Axe
11:49 Horse Collar
12:00 Gold Mining
12:02 Stone Mining
15:25 Wheelbarrow
17:57 Castle Age
17:21 Forging
17:11 Scale Mail Armor
18:29 Man-at-Arms
18:55 Gambesons
19:10 Squires
18:59 Arson
24:35 Bow Saw
27:18 Heavy Plow
27:57 Gold Shaft Mining
31:33 Imperial Age
29:03 Pikeman
29:03 Man-at-Arms
30:30 Chain Mail Armor
30:51 Iron Casting
31:32 Hand Cart
31:03 Town Watch
32:40 Ballistics
31:59 Elite Varangian Guard
33:24 Conscription
34:01 Plate Mail Armor
33:21 Halberdier
34:14 Capped Ram
34:28 Elite Hearth Troop
37:53 Chemistry
36:50 Murder Holes
37:07 Fortified Wall
36:44 Arrowslits
36:51 Shield Wall
42:32 Siege Ram
休闲海
9:27 Loom
11:13 Feudal Age
15:37 Double-Bit Axe
18:30 Castle Age
19:07 Bow Saw
23:13 Wheelbarrow
25:18 Hand Cart
25:28 Ballistics
25:47 Gold Mining
25:52 Stone Mining
27:37 Gold Shaft Mining
27:39 Stone Shaft Mining
29:17 Masonry
30:08 Scale Barding Armor
30:14 Forging
31:19 Horse Collar
35:34 Imperial Age
33:28 Heavy Plow
37:28 Two-Man Saw
38:23 Chain Barding Armor
38:05 Scale Mail Armor
38:25 Caravan
39:10 Elite War Elephant
40:56 Citadels
42:24 Crop Rotation
45:20 Chemistry
44:50 Architecture
47:17 Murder Holes
48:01 Plate Barding Armor
47:41 Chain Mail Armor
48:02 Iron Casting
GibranRakatiwing
0:44 Loom
10:49 Feudal Age
11:19 Double-Bit Axe
11:28 Gold Mining
11:32 Stone Mining
12:22 Wheelbarrow
14:08 Horse Collar
24:11 Castle Age
22:13 Fletching
22:32 Padded Archer Armor
24:48 Bodkin Arrow
25:10 Leather Archer Armor
25:11 Bow Saw
25:55 Gold Shaft Mining
25:37 Heavy Plow
25:40 Crossbowman
29:12 Thumb Ring
30:18 Ballistics
33:35 Imperial Age
31:59 Treadmill Crane
32:11 Guard Tower
32:12 Heated Shot
32:34 Masonry
37:10 Chemistry
36:16 Siege Engineers
36:14 Bracer
36:45 Ring Archer Armor
37:09 Scale Barding Armor
37:50 Crop Rotation
38:46 Conscription
41:28 Chain Barding Armor
41:11 Cavalier
41:52 Husbandry
42:03 Bloodlines
41:13 Light Cavalry
42:51 Plate Barding Armor
44:04 Paladin
jescrina2004
4:31 Loom
13:40 Feudal Age
15:06 Wheelbarrow
14:27 Double-Bit Axe
17:22 Gold Mining
17:23 Stone Mining
23:51 Castle Age
25:56 Bow Saw
26:24 Gold Shaft Mining
27:46 Hand Cart
35:20 Imperial Age
lycandros
6:28 Loom
12:50 Feudal Age
19:41 Castle Age
18:43 Double-Bit Axe
24:31 Bow Saw
32:08 Imperial Age
32:05 Wheelbarrow
31:13 Horse Collar
31:28 Stone Mining
31:29 Gold Mining
31:19 Pikeman
35:50 Chemistry
34:46 Onager
38:27 Man-at-Arms
38:54 Gambesons
39:09 Squires
38:57 Arson
38:33 Halberdier
39:24 Long Swordsman
41:16 Crossbowman
41:18 Elite Skirmisher
42:03 Thumb Ring
41:20 Cranequins
41:30 Two-Handed Swordsman
43:47 Light Cavalry
44:37 Bloodlines
44:28 Husbandry
Ironkinghard
12:54 Feudal Age
13:39 Double-Bit Axe
13:37 Horse Collar
14:35 Wheelbarrow
13:57 Gold Mining
19:17 Castle Age
20:28 Hand Cart
25:22 Caravan
28:06 Bow Saw
28:00 Heavy Plow
30:04 Yeomen
33:25 Imperial Age
31:09 Padded Archer Armor
30:59 Fletching
31:21 Forging
32:28 Leather Archer Armor
35:20 Elite Longbowman
35:28 Cavalier
36:13 Capped Ram
39:30 Onager
Connection lost

Rejoining the realm…

Still unreachable

The connection could not be restored.

Session expired

The server has moved on; the page needs a fresh start.